 Dungeon Sprint DCSS version 0.27-a0-1228-gfd60fd639a (webtiles) character file.

Game seed: 4155370989853922057

14308 mhtbhm the Sorcerer (level 11, -5/57 HPs)
             Began as a Deep Elf Earth Elementalist on June 7, 2021.
             Was the Champion of Vehumet.
             Slain by a ghost moth (12 damage)
             ... in the Dungeon (Sprint VII: "The Pits").
             The game lasted 00:08:07 (3480 turns).

mhtbhm the Sorcerer (Deep Elf Earth Elementalist)   Turns: 3480, Time: 00:08:08

Health: -5/57      AC:  8    Str:  5      XL:     11   Next: 87%
Magic:  19/41      EV: 15    Int: 21 (24) God:    Vehumet [******]
Gold:   0          SH:  0    Dex: 17 (18) Spells: 37/58 levels left

rFire    . . .     SeeInvis .   a - +2 rapier (elec)
rCold    . . .     Faith    .   (no shield)
rNeg     . . .     Spirit   .   c - +0 robe
rPois    .         Reflect  .   m - +0 helmet
rElec    .         Harm     .   p - +0 cloak
rCorr    .         Rampage  .   (no gloves)
Will     +....     NoTele   +   o - +0 pair of boots
Stlth    +++.......             (no amulet)
HPRegen  0.19/turn              i - +3 ring of protection
MPRegen  0.27/turn              b - +3 ring of dexterity

@: lethally poisoned (-5 -> -88)
A: no striking features
a: Renounce Religion


You were in the Dungeon.
You worshipped Vehumet.
Vehumet was exalted by your worship.
You visited 1 branch

Inventory:

Hand Weapons
 a - a +2 rapier of electrocution (weapon)
Armour
 c - a +0 robe (worn)
 m - a +0 helmet (worn)
 o - a +0 pair of boots (worn)
 p - a +0 cloak (worn)
Jewellery
 b - a +3 ring of dexterity (right hand)
 i - a +3 ring of protection (left hand)
Scrolls
 j - 5 scrolls of amnesia
 k - a scroll of summoning
Potions
 d - 6 potions of curing
 e - 11 potions of heal wounds
 f - 4 potions of haste
 g - 3 potions of magic
 h - 4 potions of berserk rage
 l - 2 potions of invisibility
 n - a potion of mutation
 q - a potion of lignification {unknown}


   Skills:
 + Level 2.0 Fighting
 + Level 5.8 Dodging
 + Level 5.3 Stealth
 + Level 0.1 Unarmed Combat
 + Level 24.2 Spellcasting
 + Level 4.5 Conjurations
 + Level 2.0 Transmutations
 + Level 3.0 Ice Magic
 + Level 20.3 Earth Magic


You had 37 spell levels left.
You knew the following spells:

 Your Spells              Type           Power      Damage    Failure   Level
a - Sandblast             Erth           100%       2d20      0%          1
b - Freeze                Ice            100%       1d11      1%          1
c - Stone Arrow           Conj/Erth      100%       3d13      1%          3
d - Lee's Rapid Deconstr  Erth           42%        3d21*     0%          5
e - Petrify               Tmut/Erth      64%        N/A       1%          4
f - Spellforged Servitor  Conj/Summ      17%        N/A       73%         7

Your spell library contained the following spells:

 Spells                   Type           Power      Damage    Failure   Level
 Freezing Cloud           Conj/Ice/Air   18%        6-21      21%         6
 Passwall                 Tmut/Erth      53%        N/A       1%          2


Dungeon Overview and Level Annotations

Branches:
Dungeon (1/1)

Altars:
Ashenzari
Cheibriados
Dithmenos
Elyvilon
Fedhas
Gozag
Hepliaklqana
Kikubaaqudgha
Makhleb
Nemelex Xobeh
Okawaru
Qazlal
Ru
Sif Muna
Trog
Uskayaw
Vehumet
Wu Jian
Xom
Yredelemnul
Zin
The Shining One
Beogh
Jiyva
Lugonu


Message History

You are lethally poisoned!
Something poisons you!
A hell hound comes into view.
Unknown command.
Unknown command.
Unknown command.
Okay, then.
You feel much better.
You feel extremely sick. Something hits you but does no damage.
Something hits you. Something stings you.
A quokka comes into view.
Something hits you.
* * * LOW HITPOINT WARNING * * *
You feel dopey. Something hits you.
* * * LOW HITPOINT WARNING * * *
Something stings you.
* * * LOW HITPOINT WARNING * * *
Unknown command.
You feel much better.
You feel extremely sick.
A hobgoblin comes into view.
The hell hound bites you. Something hits you.
* * * LOW HITPOINT WARNING * * *
Something hits you but does no damage. Something stings you!
* * * LOW HITPOINT WARNING * * *
You are more poisoned.
Something poisons you!
A hell hound comes into view.
You feel much better.
* * * LOW HITPOINT WARNING * * *
You feel extremely sick. The hell hound bites you.
* * * LOW HITPOINT WARNING * * *
A hell hound comes into view.
You feel you are being watched by something.
You feel your power leaking away. Something hits you!
You die...

''######################
''############## ####
......#...'))..###...#
....###.).###...#...#
...##.+.).+.##.....# #
..##..##)##..##...## .##.
..#..##...##..+...# .....
..#..#.....#.)#...#..rh#.
..)..'.....'..')@{sh)..)☼
..#..#.....#..#..h#†...#.
).#..##...##..+...# ..gh.
.)##..##)##..##..†# .##.
...##.+...+.##.....# #
....###...## ...#...#
......#...+ ...###...#
############### ####


You could see 4 hell hounds, a redback, a quokka and a hobgoblin.

Vanquished Creatures
  Kirke (D)
  A nagaraja (D)
  A fire giant (D)
  A catoblepas (D)
  A two-headed ogre (D)
  4 skeletal warriors (D)
  A lindwurm (D)
  A phantasmal warrior (D)
  A manticore (D)
  A necromancer (D)
  A cane toad (D)
  A kobold demonologist (D)
  A rime drake (D)
  A hellwing (D)
  A komodo dragon (D)
  A guardian mummy (D)
  A jumping spider (D)
  2 efreet (D)
  A tyrant leech (D)
  Prince Ribbit (D)
  A snapping turtle (D)
  2 redbacks (D)
  A shadow (D)
  3 spriggans (D)
  A wyvern (D)
  A hog (D)
  A wraith (D)
  A large abomination (D)
  An acid dragon (D)
  A water moccasin (D)
  An orc warrior (D)
  An ogre (D)
  A wolf (D)
  A kobold brigand (D)
  4 killer bees (D)
  4 wights (D)
  3 crimson imps (D)
  2 orc priests (D)
  2 iguanas (D)
  6 orc wizards (D)
  3 hell rats (D)
  A mummy (D)
  2 adders (D)
  An ufetubus (D)
  An adder skeleton (D)
  3 orcs (D)
  A bat skeleton (D)
  A giant cockroach (D)
  A goblin (D)
  A hobgoblin (D)
  A quokka (D)
  A ball python (D)
  A ball python simulacrum (D)
  2 ball python skeletons (D)
  2 ball python zombies (D)
  A giant cockroach zombie (D)
  A kobold (D)
  A quokka zombie (D)
87 creatures vanquished.

Vanquished Creatures (others)
  2 humans (D)
  A ball python simulacrum (D)
3 creatures vanquished.

Grand Total: 90 creatures vanquished

Notes
Turn   | Place    | Note
-------+----------+-------------------------------------------
     0 | D        | mhtbhm the Deep Elf Earth Elementalist began the quest for
                  | the Orb.
     0 | D        | Reached XP level 1. HP: 10/10 MP: 6/6
    15 | D        | Reached XP level 2. HP: 15/15 MP: 4/8
   144 | D        | Found a bloodstained altar of Trog.
   144 | D        | Found a shimmering blue altar of Sif Muna.
   144 | D        | Found a viscous altar of Jiyva.
   144 | D        | Found a hazy altar of Hepliaklqana.
   144 | D        | Found an opulent altar of Gozag.
   145 | D        | Found a glowing golden altar of the Shining One.
   145 | D        | Found a glowing silver altar of Zin.
   145 | D        | Found a basalt altar of Yredelemnul.
   145 | D        | Found a shimmering altar of Xom.
   145 | D        | Found an ornate altar of the Wu Jian Council.
   145 | D        | Found a sacrificial altar of Ru.
   145 | D        | Found a stormy altar of Qazlal.
   145 | D        | Found an iron altar of Okawaru.
   145 | D        | Found a sparkling altar of Nemelex Xobeh.
   145 | D        | Found a burning altar of Makhleb.
   145 | D        | Found a blossoming altar of Fedhas.
   145 | D        | Found a white marble altar of Elyvilon.
   145 | D        | Found a shadowy altar of Dithmenos.
   145 | D        | Found a snail-covered altar of Cheibriados.
   147 | D        | Found a radiant altar of Vehumet.
   147 | D        | Found a corrupted altar of Lugonu.
   148 | D        | Found a hide-covered altar of Uskayaw.
   148 | D        | Found an ancient bone altar of Kikubaaqudgha.
   148 | D        | Found a broken altar of Ashenzari.
   155 | D        | Became a worshipper of Vehumet
   204 | D        | Reached skill level 4 in Spellcasting
   235 | D        | Reached * piety under Vehumet
   235 | D        | Offered knowledge of Freeze by Vehumet.
   254 | D        | Learned a level 1 spell: Freeze
   294 | D        | Reached ** piety under Vehumet
   294 | D        | Offered knowledge of Static Discharge by Vehumet.
   295 | D        | Reached skill level 5 in Earth Magic
   301 | D        | Reached skill level 5 in Spellcasting
   301 | D        | Reached XP level 3. HP: 6/19 MP: 2/12
   618 | D        | Learned a level 3 spell: Stone Arrow
   691 | D        | Offered knowledge of Dazzling Flash by Vehumet.
   727 | D        | Reached *** piety under Vehumet
   728 | D        | Reached skill level 6 in Spellcasting
   728 | D        | Reached XP level 4. HP: 16/24 MP: 12/14
   835 | D        | Noticed an orc warrior
   852 | D        | Reached skill level 1 in Ice Magic
   868 | D        | Reached skill level 7 in Spellcasting
   948 | D        | Offered knowledge of Hailstorm by Vehumet.
   953 | D        | Noticed Prince Ribbit
   956 | D        | Killed an orc warrior
   956 | D        | Reached **** piety under Vehumet
   957 | D        | Reached skill level 9 in Spellcasting
   957 | D        | Reached skill level 1 in Conjurations
   957 | D        | Reached XP level 5. HP: 28/28 MP: 12/19
   959 | D        | Killed Prince Ribbit
   960 | D        | Reached skill level 1 in Fighting
   960 | D        | Reached skill level 12 in Spellcasting
   960 | D        | Reached skill level 10 in Earth Magic
   960 | D        | Reached XP level 6. HP: 34/34 MP: 14/23
  1167 | D        | Noticed a manticore
  1170 | D        | Killed a manticore
  1170 | D        | Offered knowledge of Yara's Violent Unravelling by Vehumet.
  1171 | D        | Reached skill level 5 in Dodging
  1171 | D        | Reached skill level 14 in Spellcasting
  1171 | D        | Reached XP level 7. HP: 38/38 MP: 22/26
  1192 | D        | Reached ***** piety under Vehumet
  1227 | D        | Noticed a tyrant leech
  1227 | D        | Noticed a hellwing
  1234 | D        | Reached skill level 5 in Stealth
  1234 | D        | Reached XP level 8. HP: 30/43 MP: 24/28
  1431 | D        | Learned a level 5 spell: Lee's Rapid Deconstruction
  1436 | D        | Learned a level 4 spell: Petrify
  1441 | D        | Offered knowledge of Starburst by Vehumet.
  1448 | D        | Killed a tyrant leech
  1449 | D        | Reached skill level 15 in Spellcasting
  1449 | D        | Killed a hellwing
  1450 | D        | Reached skill level 16 in Spellcasting
  1883 | D        | Noticed an efreet
  1886 | D        | Killed an efreet
  1910 | D        | Noticed a phantasmal warrior
  1913 | D        | Killed a phantasmal warrior
  1914 | D        | Reached skill level 17 in Spellcasting
  1914 | D        | Reached XP level 9. HP: 35/48 MP: 20/32
  2107 | D        | Noticed a komodo dragon
  2109 | D        | Noticed a two-headed ogre
  2111 | D        | Killed a komodo dragon
  2111 | D        | Offered knowledge of Conjure Ball Lightning by Vehumet.
  2112 | D        | Killed a two-headed ogre
  2113 | D        | Reached skill level 18 in Spellcasting
  2113 | D        | Reached skill level 15 in Earth Magic
  2294 | D        | Noticed a nagaraja
  2298 | D        | Killed a nagaraja
  2299 | D        | Reached skill level 19 in Spellcasting
  2299 | D        | Reached XP level 10. HP: 53/53 MP: 22/35
  2466 | D        | Noticed Kirke
  2469 | D        | Killed Kirke
  2470 | D        | Reached skill level 20 in Spellcasting
  2512 | D        | Noticed a fire giant
  2515 | D        | Killed a fire giant
  2516 | D        | Reached skill level 21 in Spellcasting
  2520 | D        | Noticed a cane toad
  2521 | D        | Killed a cane toad
  2521 | D        | Reached ****** piety under Vehumet
  2627 | D        | Offered knowledge of Ozocubu's Refrigeration by Vehumet.
  2630 | D        | Reached XP level 11. HP: 57/57 MP: 29/38
  2776 | D        | Reached skill level 22 in Spellcasting
  3015 | D        | Offered knowledge of Orb of Destruction by Vehumet.
  3110 | D        | Noticed a skeletal warrior
  3113 | D        | Noticed a skeletal warrior
  3114 | D        | Killed a skeletal warrior
  3115 | D        | Noticed a skeletal warrior
  3115 | D        | Noticed a catoblepas
  3116 | D        | Killed a skeletal warrior
  3117 | D        | Killed a catoblepas
  3117 | D        | Noticed a skeletal warrior
  3118 | D        | Reached skill level 23 in Spellcasting
  3119 | D        | Killed a skeletal warrior
  3120 | D        | Killed a skeletal warrior
  3346 | D        | Noticed a lindwurm
  3351 | D        | Killed a lindwurm
  3351 | D        | Offered knowledge of Spellforged Servitor by Vehumet.
  3423 | D        | Learned a level 7 spell: Spellforged Servitor
  3465 | D        | Noticed a necromancer
  3466 | D        | Killed a necromancer
  3467 | D        | Reached skill level 24 in Spellcasting
  3476 | D        | Offered knowledge of Freezing Cloud by Vehumet.
  3480 | D        | Slain by a ghost moth

Illustrated notes

Levels and vault maps discovered:
D:        pitsprint [storerooms_1, entrance_room_1, metal_vault_6, armoury_1,
          mini_pit_1, grid_room_1, main_hall_1, silver_pit, the_coven_1,
          the_vestibule_1, steel_vault_4, golden_pit, hallway_of_sentries,
          crystal_vault_4, iron_vault_2, final_vault]

Skill      XL: |  1  2  3  4  5  6  7  8  9 10 11 |
---------------+----------------------------------+-----
Dodging        | 3 4 5 |  5.8
Earth Magic    | 4 6 8 10 11 12 14 16 18 20 | 20.3
Spellcasting   | 5 6 9 12 14 17 19 21 24 | 24.2
Stealth        | 3 4 5 |  5.3
Ice Magic      | 1 2 3 |  3.0
Conjurations   | 1 3 4 |  4.5
Fighting       | 1 2 |  2.0
Transmutations | 2 |  2.0
Unarmed Combat | |  0.1

Action                   |  1- 3 |  4- 6 |  7- 9 | 10-12 || total
-------------------------+-------+-------+-------+-------++-------
Melee: Unarmed           |     1 |       |       |       ||     1
 Cast: Sandblast         |    20 |    11 |     9 |       ||    40
       Freeze            |     2 |       |       |       ||     2
       Stone Arrow       |       |     8 |     2 |     2 ||    12
       Lee's Rapid Decon |       |       |    20 |    45 ||    65
       Petrify           |       |       |       |     1 ||     1
  Use: Scroll            |       |       |     1 |       ||     1
       Potion            |       |       |       |     4 ||     4
Armor: Robe              |     3 |       |       |     5 ||     8
Dodge: Dodged            |     8 |     6 |     2 |     3 ||    19

Table legend: (Time is in decaauts)
 A = Elapsed time spent in this place.
 B = Non-inter-level travel time spent in this place.
 C = Inter-level travel time spent in this place.
 D = Time resting spent in this place.
 E = Time spent auto-exploring this place.
 F = Levels seen in this place.
 G = Mean time per level.
                   A        B        C        D        E       F      G
               +--------+--------+--------+--------+--------+-----+--------+
         Total |   3477 |   3477 |      0 |   2673 |     32 |   1 | 3477.0 |
       Dungeon |   3477 |   3477 |      0 |   2673 |     32 |   1 | 3477.0 |
               +--------+--------+--------+--------+--------+-----+--------+

Top non-repeatable levels by time:
       D: 3477 daAuts
